 Dungeon Crawl Stone Soup version 0.26.0-7-g794d0892b4 (webtiles) character file.

Game seed: 2953969131859669307

777 Froggeryz the Basher (level 7, 0/40 HPs)
             Began as a Gargoyle Gladiator on Jan 11, 2021.
             Slain by an ogre
             ... wielding a +0 giant spiked club
              (14 damage)
             ... on level 5 of the Dungeon.
             The game lasted 00:04:47 (4353 turns).

Froggeryz the Basher (Gargoyle Gladiator)           Turns: 4353, Time: 00:04:48

Health: 0/40       AC: 12    Str: 19    XL:     7   Next: 84%
Magic:  7/7        EV: 10    Int:  9    God:
Gold:   200        SH:  0    Dex: 11    Spells: 6/6 levels left

rFire    . . .     SeeInvis .   a - +0 flail
rCold    . . .     Faith    .   (no shield)
rNeg     + . .     Spirit   .   o - +0 scale mail
rPois    ∞         Reflect  .   c - +0 helmet
rElec    +         Harm     .   (no cloak)
rCorr    .         Rampage  .   g - +0 pair of gloves
Will     .....                  (no boots)
Stlth    ..........             (no amulet)
HPRegen  0.13/turn              (no ring)
MPRegen  0.10/turn              (no ring)

@: no status effects
A: negative energy resistance 1, electricity resistance, unbreathing,
petrification resistance, miasma immunity, AC +4
a: no special abilities


You were on level 5 of the Dungeon.
You visited 1 branch of the dungeon, and saw 5 of its levels.

You collected 200 gold pieces.

Inventory:

Hand Weapons
 a - a +0 flail (weapon)
 u - a +0 morningstar
Missiles
 d - a throwing net (quivered)
Armour
 c - a +0 helmet (worn)
 g - a +0 pair of gloves (worn)
 o - a +0 scale mail (worn)
Scrolls
 e - a scroll of amnesia
 f - 3 scrolls of identify {unknown}
 k - 4 scrolls of enchant armour {unknown}
 q - a scroll of fog {unknown}
 r - 2 scrolls of blinking {unknown}
 s - 2 scrolls of remove curse
 w - a scroll of magic mapping {unknown}
Potions
 b - a potion of curing {unknown}
 h - a potion of berserk rage {unknown}
 i - 2 potions of mutation {unknown}
 j - a potion of flight {unknown}
 l - a potion of invisibility {unknown}
 m - a potion of degeneration {unknown}
 n - a potion of haste {unknown}
 p - a potion of cancellation
 t - a potion of resistance {unknown}
 v - a potion of might {unknown}


   Skills:
 - Level 2.1 Fighting
 * Level 9.0 Maces & Flails
 - Level 1.7 Throwing
 + Level 0.2 Armour
 - Level 2.4 Dodging


You had 6 spell levels left.
You didn't know any spells.
Your spell library was empty.

Dungeon Overview and Level Annotations

Branches:
Dungeon (5/15)
 Temple: D:4-7

Altars:
The Shining One


Innate Abilities, Weirdness & Mutations

You are resistant to torment.
Your stone body is resilient. (AC +4)
You are immune to poison.
You resist negative energy. (rN+)
You are resistant to electric shocks. (rElec)
You can survive without breathing.
You are immune to petrification.
You are immune to miasma.


Message History

An ogre comes into view. It is wielding a +0 giant spiked club.
The ogre shouts!
An ogre is nearby!
Throw: throwing net
Press: ? - help, Q - select action Shift-Dir - straight line, f - ogre
Aim: an ogre, wielding a +0 giant spiked club
Okay, then.
Unknown command.
Throw: throwing net
Press: ? - help, Q - select action Shift-Dir - straight line, f - ogre
Aim: an ogre, wielding a +0 giant spiked club You throw a throwing net.
The throwing net barely misses the ogre.
The ogre hits you with a +0 giant spiked club!!
Ouch! That really hurt!
Found an escape hatch in the floor.
You see here a throwing net.
d - a throwing net The ogre hits you with a +0 giant spiked club!
You die...

.. .# .... #.
####.##.#.# #..
..........# #..#
.......... ....
..#.....
##.#..##.#..#
..#..#@....# #
#.#....O...#
#.##.####.#.>.#
#.......#.#...#
####.##.#.##..###.#
#.##...........#
#<##.#...........
####.############
###


You could see an ogre.

Vanquished Creatures
  3 ogres
  A scorpion (D:4)
  3 orc priests (D:4)
  An orc wizard (D:4)
  2 worker ants
  A hound skeleton (D:4)
  3 gnolls
  A worker ant zombie (D:3)
  10 adders
  3 howler monkey skeletons
  2 oozes (D:2)
  An adder zombie (D:3)
  4 worms
  2 leopard geckos
  9 orcs
  7 bats
  10 giant cockroaches
  8 goblins
  5 hobgoblins
  2 jackals (D:4)
  10 kobolds
  3 quokkas
  2 ball pythons
  8 frilled lizards
  9 rats
110 creatures vanquished.

Notes
Turn   | Place    | Note
-------+----------+-------------------------------------------
     0 | D:1      | Froggeryz the Gargoyle Gladiator began the quest for the
                  | Orb.
     0 | D:1      | Reached XP level 1. HP: 12/12 MP: 1/1
   287 | D:1      | Reached XP level 2. HP: 17/17 MP: 2/2
   863 | D:2      | Reached skill level 4 in Maces & Flails
   863 | D:2      | Reached XP level 3. HP: 11/21 MP: 3/3
  1281 | D:2      | Reached XP level 4. HP: 24/26 MP: 4/4
  1558 | D:2      | Reached skill level 5 in Maces & Flails
  1811 | D:2      | Found a glowing golden altar of the Shining One.
  2126 | D:3      | Reached XP level 5. HP: 30/30 MP: 5/5
  2210 | D:3      | Noticed an ogre
  2221 | D:3      | Killed an ogre
  2222 | D:3      | Reached skill level 6 in Maces & Flails
  2384 | D:3      | Noticed an ogre
  2396 | D:3      | Killed an ogre
  2397 | D:3      | Reached XP level 6. HP: 30/35 MP: 6/6
  2484 | D:3      | Reached skill level 7 in Maces & Flails
  3037 | D:4      | Reached XP level 7. HP: 11/40 MP: 7/7
  3434 | D:4      | Reached skill level 8 in Maces & Flails
  4022 | D:4      | Reached skill level 9 in Maces & Flails
  4331 | D:5      | Entered Level 5 of the Dungeon
  4353 | D:5      | Slain by an ogre

Illustrated notes

Levels and vault maps discovered:
D:1:      lemuel_arrival_rhombus, layout_basic
D:2:      layout_basic, nicolae_overflow_hidden_temple, minmay_puff
D:3:      minmay_general_purpose_star, layout_loops_ring, serial_undead,
          serial_undead_a, serial_undead_b, serial_undead_e, serial_undead_a,
          st_stairs_13
D:4:      layout_loops_cross
D:5:      layout_basic, slow_altar_2

Skill      XL: |  1  2  3  4  5  6  7 |
---------------+----------------------+-----
Maces & Flails | 4 5 6 7 9 |  9.0
Fighting       | |  2.1
Throwing       | |  1.7
Armour         | |  0.2
Dodging        | |  2.4

Action                   |  1- 3 |  4- 6 |  7- 9 || total
-------------------------+-------+-------+-------++-------
Melee: Flail             |    94 |   243 |   109 ||   446
Throw: Throwing net      |       |     3 |     2 ||     5
  Use: Scroll            |     2 |       |       ||     2
       Potion            |       |     1 |       ||     1
Armor: Leather armour    |    53 |    56 |       ||   109
       Scale mail        |       |    81 |    50 ||   131
Dodge: Dodged            |    80 |   155 |    49 ||   284
